 Dungeon Crawl Stone Soup version 0.26-a0-639-g72c4674329 (webtiles) character file.

Game seed: 14683178954860109435

1115 Flugslaktarn the Chopper (level 8, 70/75 HPs)
             Began as a Deep Dwarf Fighter on Sept 23, 2020.
             Was an Initiate of Makhleb.
             Quit the game on level 6 of the Dungeon.
             The game lasted 00:01:20 (1908 turns).

Flugslaktarn the Chopper (Deep Dwarf Fighter)       Turns: 1908, Time: 00:01:20

Health: 70/75      AC: 10    Str: 22    XL:     8   Next: 12%
Magic:  8/8        EV:  3    Int:  9    God:    Makhleb [......]
Gold:   192        SH:  7    Dex: 12    Spells: 7/7 levels left

rFire    . . .     SeeInvis .   a - +0 war axe
rCold    . . .     Faith    .   c - +0 kite shield
rNeg     . . .     Spirit   .   k - +0 plate armour
rPois    .         Reflect  .   (no helmet)
rElec    .         Harm     .   (no cloak)
rCorr    .         Rampage  .   (no gloves)
MR       +....                  (no boots)
Stlth    ..........             (no amulet)
HPRegen  0.00/turn              (no ring)
MPRegen  0.11/turn              (no ring)

@: non-regenerating, extremely drained
A: damage resistance, heal wounds, sense surroundings 1, no regeneration
a: Heal Wounds, Renounce Religion


You were on level 6 of the Dungeon.
You worshipped Makhleb.
Makhleb was noncommittal.
You visited 2 branches of the dungeon, and saw 7 of its levels.

You collected 192 gold pieces.

Inventory:

Hand Weapons
 a - a +0 war axe (weapon)
Armour
 c - a +0 kite shield (worn)
 k - a +0 plate armour (worn)
   (You found it on level 4 of the Dungeon)
Jewellery
 r - an uncursed ring of wizardry {unknown}
   (You found it on level 5 of the Dungeon)
Scrolls
 b - a scroll of amnesia {unknown}
 f - 3 scrolls of identify {unknown}
 h - a scroll of teleportation {unknown}
 i - a scroll of blinking {unknown}
 o - a scroll of enchant armour {unknown}
 q - a scroll of remove curse {unknown}
 s - a scroll of enchant weapon {unknown}
Potions
 e - 3 potions of curing {unknown}
 g - a potion of degeneration {unknown}
 j - 2 potions of heal wounds {unknown}
 l - a potion of lignification {unknown}
 m - a potion of haste {unknown}
 n - 2 potions of ambrosia {unknown}
 p - a potion of invisibility {unknown}
 t - a potion of resistance {unknown}
 u - a potion of brilliance {unknown}


   Skills:
 * Level 5.6(0.0) Fighting
 * Level 6.3(0.0) Axes
 + Level 5.2(0.0) Armour
 + Level 5.2(0.0) Shields
 + Level 2.3(0.0) Invocations


You had 7 spell levels left.
You didn't know any spells.
Your spell library was empty.

Dungeon Overview and Level Annotations

Branches:
Dungeon (6/15)             Temple (1/1) D:5

Altars:
Cheibriados
Dithmenos
Fedhas
Gozag
Makhleb
Nemelex Xobeh
Okawaru
Qazlal
Xom

Annotations:
D:5 2 transporters


Innate Abilities, Weirdness & Mutations

You are resistant to damage.
You can heal yourself by infusing magical energy.
You passively map a small area around you.
You do not regenerate.


Message History

You hear some strange, mumbled words.
A magic dart appears from out of thin air!
The magic dart hits you but does no damage.
Something hits you but does no damage.
You feel drained.
You closely miss something. Something hits you but does no damage.
You feel drained. Something hits you.
You feel drained.
Your shield and plate armour prevent you from hitting something.
Something hits you.
You feel drained.
Your shield and plate armour prevent you from hitting something.
Something hits you but does no damage.
You feel drained. You block something's attack.
No target in view!
You closely miss something.
You feel a little less mighty now. You block something's attack.
No target in view!
You closely miss something. Something hits you but does no damage.
You feel drained. Something hits you but does no damage.
You feel drained.
No target in view!
Are you sure you want to abandon this character and quit the game? (Confirm with "yes".)

.# #.......#.##..#.# #.#
.# #.......#.##..#.# #.#,
.# #.......#.##..#.# ...
.# #.....#.#.##..#.# #.#,
.# #.....#.#.##..#.# ..#,
.# #....$#.#.##..#.# **##
.# ##.##.#...##..#.#
.###########.##?#...##..#
, , ................@...#
* ..............){###.# *
.(...................#
.##############.##...# .#
#.#* .... , .# #.# ... ,
.# #.# .. , .# #.. , ,>
## ### ,


There were no monsters in sight!

Vanquished Creatures
  Menkaure (D:5)
  An orc warrior (D:6)
  4 ogres
  3 scorpions
  A howler monkey (D:4)
  A jelly (D:6)
  2 bullfrog skeletons
  An orc priest (D:6)
  An orc wizard (D:6)
  An iguana (D:5)
  7 worker ants
  An adder (D:4)
  2 adder skeletons
  5 orcs
  2 ball pythons
  2 giant cockroaches
  A goblin (D:2)
  A hobgoblin (D:1)
  2 quokkas
  A ball python zombie (D:5)
  A quokka zombie (D:5)
  A rat (D:2)
42 creatures vanquished.

Vanquished Creatures (others)
  A plant (D:2)
1 creature vanquished.

Grand Total: 43 creatures vanquished

Notes
Turn   | Place    | Note
-------+----------+-------------------------------------------
     0 | D:1      | Flugslaktarn the Deep Dwarf Fighter began the quest for the
                  | Orb.
     0 | D:1      | Reached XP level 1. HP: 20/20 MP: 1/1
   206 | D:4      | Noticed a howler monkey
   213 | D:4      | Killed a howler monkey
   213 | D:4      | Reached skill level 3 in Axes
   213 | D:4      | Reached XP level 2. HP: 22/28 MP: 2/2
   213 | D:4      | Reached XP level 3. HP: 27/34 MP: 3/3
   230 | D:4      | Noticed an ogre
   235 | D:4      | Killed an ogre
   235 | D:4      | Reached XP level 4. HP: 35/44 MP: 4/4
   235 | D:4      | Reached XP level 5. HP: 40/50 MP: 5/5
   269 | D:5      | Entered Level 5 of the Dungeon
   270 | D:5      | Noticed an ogre
   280 | D:5      | Reached skill level 4 in Axes
   282 | D:5      | Killed an ogre
   282 | D:5      | Reached XP level 6. HP: 30/57 MP: 6/6
   657 | D:4      | Reached skill level 5 in Axes
   834 | D:4      | Reached XP level 7. HP: 38/66 MP: 7/7
  1074 | D:5      | Found a staircase to the Ecumenical Temple.
  1082 | Temple   | Entered the Ecumenical Temple
  1110 | Temple   | Became a worshipper of Makhleb the Destroyer
  1269 | D:5      | Noticed Menkaure
  1280 | D:5      | Killed Menkaure
  1280 | D:5      | Reached skill level 5 in Fighting
  1280 | D:5      | Reached skill level 1 in Invocations
  1317 | D:5      | Found a transporter.
  1330 | D:5      | Found a transporter.
  1355 | D:5      | Reached skill level 5 in Armour
  1581 | D:6      | Reached skill level 5 in Shields
  1670 | D:6      | Reached skill level 6 in Axes
  1760 | D:6      | Reached XP level 8. HP: 43/75 MP: 8/8
  1908 | D:6      | Quit the game

Illustrated notes

Levels and vault maps discovered:
D:1:      minmay_arrival_three_doors, layout_loops_cross, hangedman_glass_teeth,
          st_stairs_12
D:2:      layout_loops_corners, serial_forest, infiniplex_forest_zigzag_1,
          infiniplex_forest_zigzag_2, infiniplex_forest_split,
          infiniplex_forest_lined_3_way, infiniplex_forest_split,
          infiniplex_forest_clump_long, infiniplex_forest_zigzag_1,
          infiniplex_forest_clump_medium, infiniplex_forest_corner_1,
          kennysheep_generic_room_6
D:3:      layout_loops_ring, minitemple, uniq_crazy_yiuf_cottage
D:4:      layout_loops_ring
D:5:      gammafunk_steamed_eel, layout_loops_cross,
          minmay_temple_entry_statues_fountains, uniq_menkaure
D:6:      layout_basic, serial_shops, shop, amethyst_killhole,
          grunt_dithmenos_shadows
Temple:   compressed_dpeg_circular_temple

Skill      XL: |  1  2  3  4  5  6  7 |
---------------+----------------------+-----
Fighting       | 3 4 5 |  5.6
Axes           | 3 4 5 6 |  6.3
Armour         | 4 5 |  5.2
Shields        | 4 5 |  5.2
Invocations    | 2 |  2.3

Action                   |  1- 3 |  4- 6 |  7- 9 || total
-------------------------+-------+-------+-------++-------
Melee: War axe           |    22 |    68 |   139 ||   229
 Abil: Heal Wounds       |       |     2 |     6 ||     8
  Use: Potion            |       |       |     1 ||     1
Armor: Scale mail        |     8 |    10 |       ||    18
       Plate armour      |       |     8 |    85 ||    93
Dodge: Dodged            |     6 |    18 |    11 ||    35
Block: Kite shield       |     8 |    33 |    55 ||    96

Table legend: (Time is in decaauts)
 A = Elapsed time spent in this place.
 B = Non-inter-level travel time spent in this place.
 C = Inter-level travel time spent in this place.
 D = Time resting spent in this place.
 E = Time spent auto-exploring this place.
 F = Levels seen in this place.
 G = Mean time per level.
                   A        B        C        D        E       F      G
               +--------+--------+--------+--------+--------+-----+--------+
         Total |   1991 |   1857 |    134 |      0 |   1349 |   7 |  284.4 |
       Dungeon |   1955 |   1837 |    118 |      0 |   1332 |   6 |  325.8 |
        Temple |     35 |     19 |     16 |      0 |     17 |   1 |   35.0 |
               +--------+--------+--------+--------+--------+-----+--------+

Top non-repeatable levels by time:
     D:4: 690 daAuts
     D:5: 586 daAuts
     D:6: 486 daAuts
     D:1: 110 daAuts
     D:2: 43 daAuts
     D:3: 37 daAuts
  Temple: 35 daAuts
